 Dungeon Crawl Stone Soup version 0.27-a0-1202-ge72e49191c (webtiles) character file.

Game seed: 9855457481671386511

2293 Glokmah the Quickloader (level 9, 0/57 HPs)
             Began as a Gargoyle Hunter on June 3, 2021.
             Was a Priest of Okawaru.
             Slain by an orc warrior
             ... wielding a +0 trident
              (6 damage)
             ... in a bailey.
             The game lasted 00:15:02 (8043 turns).

Glokmah the Quickloader (Gargoyle Hunter)           Turns: 8043, Time: 00:15:03

Health: 0/57       AC: 17    Str: 22    XL:     9   Next: 40%
Magic:  9/9        EV: 11    Int: 12    God:    Okawaru [***...]
Gold:   331        SH:  0    Dex: 13    Spells: 8/8 levels left

rFire    . . .     SeeInvis .   c - +2 hand axe (elec)
rCold    . . .     Faith    .   (no shield)
rNeg     + . .     Spirit   .   p - +0 ring mail {Will+}
rPois    ∞         Reflect  .   (no helmet)
rElec    +         Harm     .   (no cloak)
rCorr    .         Rampage  .   l - +0 pair of gloves
Will     +....                  y - +0 pair of boots
Stlth    +.........             (no amulet)
HPRegen  0.19/turn              v - +6 ring of strength
MPRegen  0.11/turn              k - +4 ring of protection

@: no status effects
A: sickness immunity, AC +6, negative energy resistance 1, electricity
resistance, torment resistance 1, petrification resistance
a: Renounce Religion, Heroism


You were in a bailey.
You worshipped Okawaru.
Okawaru was most pleased with you.
You visited 2 branches of the dungeon, and saw 8 of its levels.
You also visited: Bailey.

You collected 331 gold pieces.

Inventory:

Hand Weapons
 a - a +2 hand crossbow
 b - a +0 whip
 c - a +2 hand axe of electrocution (weapon)
Missiles
 d - 84 bolts
 m - 3 curare-tipped darts (quivered)
 t - 4 javelins
Armour
 e - a +3 chain mail of cold resistance
 g - a +0 kite shield
 l - a +0 pair of gloves (worn)
 p - a +0 ring mail of willpower (worn)
 y - a +0 pair of boots (worn)
Jewellery
 j - a ring of wizardry
 k - a +4 ring of protection (right hand)
 u - a ring of flight
 v - a +6 ring of strength (left hand)
Wands
 n - a wand of flame (16)
Scrolls
 f - 3 scrolls of immolation
 q - 2 scrolls of teleportation
 r - 2 scrolls of fear
 s - 3 scrolls of identify
 x - a scroll of fog
Potions
 h - 6 potions of curing
 i - 4 potions of heal wounds
 o - a potion of degeneration


   Skills:
 + Level 7.5 Fighting
 - Level 4.0 Maces & Flails
 * Level 10.2 Crossbows
 - Level 1.5 Dodging
 - Level 1.1 Stealth


You had 8 spell levels left.
You didn't know any spells.
Your spell library contained the following spells:

 Spells                   Type           Power      Damage    Failure   Level
 Shock                    Conj/Air       0%         1d3       47%         1
 Static Discharge         Conj/Air       0%         N/A       63%         2
 Swiftness                Air            0%         N/A       85%         3
 Airstrike                Air            0%         N/A       99%         4
 Lightning Bolt           Conj/Air       0%         1d11      100%        5


Dungeon Overview and Level Annotations

Branches:
Dungeon (7/15)             Temple (1/1) D:5          Bailey (1/1)

Altars:
Fedhas
Hepliaklqana
Makhleb
Okawaru
Vehumet
Yredelemnul
The Shining One


Innate Abilities, Weirdness & Mutations

You are immune to sickness and miasma.
Your stone body is resilient. (AC +6)
You are immune to poison.
You resist negative energy. (rN+)
You are resistant to electric shocks. (rElec)
You are resistant to unholy torment.
You are immune to petrification.


Message History

You hit the orc but do no damage. Lightning courses through the orc!
You kill the orc!
Okawaru accepts your kill.
An orc comes into view. It is wielding a +0 spear.
You're wearing all the rings you can.
Remove which one? (? for menu, Esc to cancel) < or
u - a ring of flight; > or
k - a +4 ring of protection You remove your ring of flight.
You float gracefully downwards.
The orc shouts!
You feel stronger.
v - a +6 ring of strength (left hand)
Things that are here:
a +0 spear; a +0 chain mail The orc warrior closely misses you.
The orc warrior hits you with a +0 glaive!
You completely miss the orc warrior.
The orc warrior hits you from afar with a +0 trident.
The orc hits you but does no damage. The orc warrior closely misses you.
The orc warrior barely misses you.
You hit the orc warrior.
The orc warrior is moderately wounded.
The orc hits you from afar with a +0 spear.
The orc warrior barely misses you.
The orc warrior hits you from afar with a +0 trident!
The orc barely misses you.
You completely miss the orc warrior.
The orc warrior is moderately wounded.
The orc warrior hits you with a +0 glaive!
* * * LOW HITPOINT WARNING * * *
The orc warrior hits you from afar with a +0 trident.
* * * LOW HITPOINT WARNING * * *
The orc hits you but does no damage.
You feel much better. The orc warrior barely misses you.
The orc warrior hits you from afar with a +0 trident!
The orc barely misses you.
You fail to use your ability.
The orc warrior hits you with a +0 glaive!
* * * LOW HITPOINT WARNING * * *
The orc warrior hits you from afar with a +0 trident.
You die...

#.⌠.≈≈≈...≈≈≈.⌠
#≈...#..≈≈.)≈.≈..≈≈.
#≈..⌠#.≈≈.≈≈≈.≈≈≈.≈≈
#≈..##)≈.≈≈..)..≈≈.≈
#≈..#.≈≈)≈.≈≈≈≈≈.≈)≈
#≈..#.≈.≈≈.≈...≈)≈≈.
#≈oo#.≈.≈.≈≈...≈≈.≈.
#≈..#.≈.≈.≈.⌠∩⌠.≈.≈.
#≈.@#.≈)≈.≈..∩..≈.≈.
#≈o)#.≈.≈.≈.⌠∩⌠.≈.≈.
#≈..#.≈.≈.≈≈...≈≈.≈.
#≈..#.≈.≈≈.≈...≈.≈≈.
#≈..#.≈≈.≈.≈≈.≈≈.≈.≈
#≈..'..≈.≈≈.≈.≈.≈≈.≈
#≈..#.....≈≈...≈≈...
##..#......≈≈≈≈≈....
##.#≈≈≈≈....)....≈≈


You could see 2 orc warriors and an orc.

Vanquished Creatures
  Grinder (D:5)
  Eustachio (D:6)
  An ice beast (D:6)
  A sky beast (D:5)
  2 ogres
  2 centaurs (Bailey)
  A necrophage (D:6)
  2 bullfrogs
  A gnoll sergeant (D:6)
  A scorpion (D:4)
  A water moccasin zombie (D:5)
  2 water moccasin skeletons
  5 wights (D:6)
  A howler monkey (D:5)
  2 hounds (D:6)
  5 orc priests
  Ijyb (D:3)
  Terence (D:3)
  2 orc wizards
  2 hound skeletons (D:4)
  A mummy (D:4)
  4 gnolls (D:6)
  A howler monkey skeleton (D:6)
  7 adders
  A white imp (D:6)
  An ufetubus (D:6)
  A worm (D:2)
  2 dart slugs
  20 orcs
  3 endoplasms
  3 giant cockroaches
  12 hobgoblins
  13 jackals
  4 quokkas
  13 ball pythons
  8 bats
  6 frilled lizards
  10 goblins
  2 hobgoblin zombies (D:4)
  3 kobolds
  2 kobold zombies (D:4)
  6 rats
158 creatures vanquished.

Vanquished Creatures (collateral kills)
  2 water moccasins (D:7)
2 creatures vanquished.

Vanquished Creatures (others)
  3 plants (D:2)
3 creatures vanquished.

Grand Total: 163 creatures vanquished

Notes
Turn   | Place    | Note
-------+----------+-------------------------------------------
     0 | D:1      | Glokmah the Gargoyle Hunter began the quest for the Orb.
     0 | D:1      | Reached XP level 1. HP: 12/12 MP: 1/1
    31 | D:1      | Found a faded altar of an unknown god.
   424 | D:1      | Reached XP level 2. HP: 8/18 MP: 2/2
   940 | D:1      | Reached XP level 3. HP: 22/22 MP: 3/3
  2190 | D:2      | Reached skill level 5 in Crossbows
  2190 | D:2      | Reached XP level 4. HP: 27/28 MP: 4/4
  2883 | D:2      | Reached skill level 1 in Maces & Flails
  3566 | D:3      | Reached XP level 5. HP: 28/32 MP: 5/5
  3766 | D:3      | Found a glowing golden altar of the Shining One.
  3835 | D:3      | Noticed Terence
  3905 | D:3      | Noticed Ijyb
  4123 | D:3      | Killed Ijyb
  4345 | D:3      | Killed Terence
  5207 | D:4      | Reached XP level 6. HP: 38/38 MP: 6/6
  5386 | D:4      | Reached skill level 6 in Crossbows
  5761 | D:5      | Entered Level 5 of the Dungeon
  5761 | D:5      | Noticed a sky beast
  5865 | D:5      | Found a staircase to the Ecumenical Temple.
  5874 | Temple   | Entered the Ecumenical Temple
  5880 | Temple   | Became a worshipper of Warmaster Okawaru
  5910 | D:5      | Noticed Grinder
  5923 | D:5      | Killed a sky beast
  5934 | D:5      | Reached XP level 7. HP: 32/44 MP: 7/7
  5936 | D:5      | Killed Grinder
  5936 | D:5      | Reached * piety under Okawaru
  5937 | D:5      | Reached skill level 7 in Crossbows
  5957 | D:5      | Reached skill level 5 in Fighting
  6085 | D:5      | Reached XP level 8. HP: 49/49 MP: 8/8
  6606 | D:6      | Reached ** piety under Okawaru
  6839 | D:6      | Reached skill level 8 in Crossbows
  7079 | D:6      | Reached skill level 9 in Crossbows
  7396 | D:6      | Reached XP level 9. HP: 52/56 MP: 9/9
  7553 | D:6      | Noticed Eustachio
  7570 | D:6      | Killed Eustachio
  7726 | D:7      | Found a basalt altar of Yredelemnul.
  7726 | D:7      | Found a blossoming altar of Fedhas.
  7727 | D:7      | Found a radiant altar of Vehumet.
  7745 | D:7      | Reached *** piety under Okawaru
  7773 | D:7      | Reached skill level 10 in Crossbows
  7774 | D:7      | Found a flagged portal.
  7791 | Bailey   | Entered a bailey
  8043 | Bailey   | Slain by an orc warrior

Illustrated notes

Levels and vault maps discovered:
D:1:      minmay_arrival_three_doors, layout_loops_ring, basic_ecumenical_altar,
          minmay_splitting_lines, minmay_pentomino_r4
D:2:      layout_loops_corners, minmay_shallow_snake_nest
D:3:      layout_basic, nicolae_overflow_crystal_walls,
          chequers_serial_rivers_micro_e, uniq_terence, uniq_ijyb
D:4:      layout_loops_ring, hangedman_decor_clover_reticule,
          minmay_mini_ossuary
D:5:      layout_basic, minmay_temple_entry_gardened_gates, uniq_grinder
D:6:      layout_loops_cross, kennysheep_pointless_box, uniq_eustachio
D:7:      nzn_winding_woodlands_small
          [nzn_winding_woodlands_5x15_river_crossing,
          nzn_winding_woodlands_center_garden,
          nzn_winding_woodlands_5x15_lazy_stream], layout_cave_pools,
          nicolae_overflow_quartered_altars, enter_bailey_5, fountainhead
Temple:   kb_temple_of_zot
Bailey:   bailey_polearm_flooded_kennysheep, bailey

Skill      XL: |  1  2  3  4  5  6  7  8  9 |
---------------+----------------------------+-----
Fighting       | 3 4 5 6 7 |  7.5
Crossbows      | 5 6 7 9 10 | 10.2
Maces & Flails | 1 2 3 4 |  4.0
Dodging        | |  1.5
Stealth        | |  1.1

Action                   |  1- 3 |  4- 6 |  7- 9 || total
-------------------------+-------+-------+-------++-------
Melee: Short sword       |    63 |       |       ||    63
       Whip              |    80 |   184 |       ||   264
       Hand axe          |       |    74 |   122 ||   196
 Fire: Hand crossbow     |    16 |    50 |    62 ||   128
  Use: Scroll            |     5 |     4 |     4 ||    13
       Potion            |       |       |     1 ||     1
 Stab: Distracted        |       |       |     1 ||     1
Armor: Ring mail         |    70 |   142 |    74 ||   286
Dodge: Dodged            |    96 |   174 |    84 ||   354

Table legend: (Time is in decaauts)
 A = Elapsed time spent in this place.
 B = Non-inter-level travel time spent in this place.
 C = Inter-level travel time spent in this place.
 D = Time resting spent in this place.
 E = Time spent auto-exploring this place.
 F = Levels seen in this place.
 G = Mean time per level.
                   A        B        C        D        E       F      G
               +--------+--------+--------+--------+--------+-----+--------+
         Total |   8119 |   7683 |    436 |    809 |   4904 |   9 |  902.1 |
       Dungeon |   7857 |   7421 |    436 |    760 |   4873 |   7 | 1122.4 |
        Temple |     12 |     12 |      0 |      0 |      0 |   1 |   12.0 |
        Bailey |    249 |    249 |      0 |     49 |     31 |   1 |  249.0 |
               +--------+--------+--------+--------+--------+-----+--------+

Top non-repeatable levels by time:
     D:2: 1977 daAuts
     D:1: 1811 daAuts
     D:3: 1129 daAuts
     D:6: 1115 daAuts
     D:4: 984 daAuts
     D:5: 732 daAuts
  Bailey: 249 daAuts
     D:7: 107 daAuts
  Temple: 12 daAuts
